 Dungeon Sprint DCSS version 0.27-a0-1548-gf8a67e7463 (webtiles) character file.

Game seed: 10191618102586959087

11509 mhtbhm the Severer (level 11, -3/168 HPs)
             Began as a Minotaur Fighter on July 13, 2021.
             Was an Initiate of Gozag.
             Killed from afar by an ogre mage (27 damage)
             ... with a bolt of magma
             ... in the Dungeon (Sprint VII: "The Pits").
             The game lasted 00:02:58 (1635 turns).

mhtbhm the Severer (Minotaur Fighter)               Turns: 1635, Time: 00:02:59

Health: -3/168     AC: 18    Str: 24    XL:     11   Next: 50%
Magic:  10/10      EV: 13    Int:  8    God:    Gozag
Gold:   4140       SH: 14    Dex: 10    Spells: 10/10 levels left

rFire    . . .     SeeInvis .   a - +2 war axe (vorpal)
rCold    . . .     Faith    .   c - +0 kite shield
rNeg     . . .     Spirit   .   b - +4 chain mail
rPois    .         Reflect  .   (helmet restricted)
rElec    .         Harm     .   (no cloak)
rCorr    .         Rampage  .   q - +0 pair of gloves
Will     .....     NoTele   +   (no boots)
Stlth    ..........             (no amulet)
HPRegen  0.38/turn              n - +3 ring of intelligence
MPRegen  0.12/turn              o - +3 ring of evasion

@: berserking (expiring), gold aura, very quick
A: horns 2, retaliatory headbutt
a: Renounce Religion, Potion Petition, Call Merchant, Bribe Branch


You were in the Dungeon.
You worshipped Gozag.
Gozag was most pleased with you.
You visited 1 branch You collected 5040 gold pieces.
You paid 900 gold pieces to Gozag.

Inventory:

Hand Weapons
 a - a +2 vorpal war axe (weapon)
Armour
 b - a +4 chain mail (worn)
 c - a +0 kite shield (worn)
 q - a +0 pair of gloves (worn)
Jewellery
 n - a +3 ring of intelligence (left hand)
 o - a +3 ring of evasion (right hand)
Scrolls
 j - a scroll of blinking
 l - 5 scrolls of amnesia
 m - a scroll of summoning
Potions
 d - 2 potions of might
 e - 2 potions of curing
 f - 5 potions of heal wounds
 g - 2 potions of haste
 h - 4 potions of magic
 i - 2 potions of berserk rage
 k - 2 potions of invisibility
 p - a potion of brilliance


   Skills:
 + Level 15.0 Fighting
 + Level 18.0 Axes
 + Level 13.2 Armour
 + Level 6.5 Dodging
 + Level 7.0 Stealth
 + Level 16.9 Shields


You had 10 spell levels left.
You didn't know any spells.
Your spell library was empty.

Dungeon Overview and Level Annotations

Branches:
Dungeon (1/1)

Altars:
Ashenzari
Cheibriados
Dithmenos
Elyvilon
Fedhas
Gozag
Hepliaklqana
Kikubaaqudgha
Makhleb
Nemelex Xobeh
Okawaru
Qazlal
Ru
Sif Muna
Trog
Uskayaw
Vehumet
Wu Jian
Xom
Yredelemnul
Zin
The Shining One
Beogh
Jiyva
Lugonu


Innate Abilities, Weirdness & Mutations

You have a pair of horns on your head.
You reflexively headbutt those who attack you in melee.


Message History

The red devil is distracted by your dazzling golden aura.
Things that are here:
63 gold pieces; a +4 battleaxe; a +0 robe Unknown command.
You slice the dream sheep!!
You kill the dream sheep!
You slash the boulder beetle! You hit the ogre.
You kill the ogre!
You hit something. You slash the death yak!
The death yak is no longer distracted by gold.
The wight closely misses you. You block the death yak's attack.
Your Fighting skill increases to level 15!
You slash something! You hit the boulder beetle.
You closely miss the dream sheep. You slash the ogre! You hit the death yak.
The boulder beetle bites you!
* * * LOW HITPOINT WARNING * * *
You block the ogre's attack.
The deep elf zephyrmancer casts a spell.
The deep elf zephyrmancer blinks!
Something hits you but does no damage.
Unknown command.
You slash the ogre!
You kill the ogre!
You slash the dream sheep!
You hit the boulder beetle but do no damage.
You hit something. You hit the death yak.
The wight hits you from afar with a +2 spear.
* * * LOW HITPOINT WARNING * * *
The dream sheep closely misses you. You furiously retaliate!
You headbutt the dream sheep. You block the death yak's attack.
Your Stealth skill increases to level 7!
You slash the wight!
The wight is almost destroyed.
You closely miss the dream sheep. You slice the boulder beetle!!
You hit something. You hit the death yak.
You block the boulder beetle's attack.
You hear some strange, mumbled words.
A bolt of magma appears from out of thin air!
The bolt of magma hits you!!
You die...
Your body crumbles into a pile of gold.

##### ############ ####
...#...+....###...#
.###...###...#...# .
##)')..+.##.....#### ..
#..##'##..##...##..##..#
..##...##..+...#YF......
..#.....#..#..$#zYY.#..#
..+.....+..)...$@{s.....
..#.....#.(#...#YBYJ#..#
..##...##..'...#.4z.....
#..##'##..##...##..##.ยง#
##)+...'.##.....#### ..
.###...###...#...# .
..)#...+....###...# $
############ ####


You could see 2 death yaks, a boulder beetle, a red devil, a tarantella, a
bullfrog, 3 dream sheep, a jelly and 2 wights.

Vanquished Creatures
  Aizul (D)
  3 two-headed ogres (D)
  2 death yaks (D)
  A bog body (D)
  A sea snake (D)
  A phantasmal warrior (D)
  A cyclops (D)
  An elephant (D)
  A gargoyle (D)
  A rime drake (D)
  An efreet (D)
  3 red devils (D)
  A polar bear (D)
  A hornet (D)
  2 dream sheep (D)
  A tarantella (D)
  A spriggan (D)
  9 yaks (D)
  4 vampire mosquitoes (D)
  2 water moccasins (D)
  A small abomination (D)
  2 ogres (D)
  A kobold brigand (D)
  A bullfrog (D)
  A gnoll sergeant (D)
  A wight (D)
  A jelly (D)
  2 gnolls (D)
  A river rat (D)
  2 ufetubi (D)
  2 worms (D)
  2 orcs (D)
  A ball python (D)
  An endoplasm (D)
  A giant cockroach (D)
  A goblin (D)
  3 hobgoblins (D)
  15 jackals (D)
  A quokka (D)
  A frilled lizard (D)
  2 rats (D)
81 creatures vanquished.

Notes
Turn   | Place    | Note
-------+----------+-------------------------------------------
     0 | D        | mhtbhm the Minotaur Fighter began the quest for the Orb.
     0 | D        | Reached XP level 1. HP: 19/19 MP: 0/0
    16 | D        | Reached XP level 2. HP: 28/28 MP: 1/1
    20 | D        | Found a bloodstained altar of Trog.
    20 | D        | Found a shimmering blue altar of Sif Muna.
    20 | D        | Found a viscous altar of Jiyva.
    20 | D        | Found a hazy altar of Hepliaklqana.
    20 | D        | Found an opulent altar of Gozag.
    21 | D        | Found a glowing golden altar of the Shining One.
    21 | D        | Found a glowing silver altar of Zin.
    21 | D        | Found a basalt altar of Yredelemnul.
    21 | D        | Found a shimmering altar of Xom.
    21 | D        | Found an ornate altar of the Wu Jian Council.
    21 | D        | Found a sacrificial altar of Ru.
    21 | D        | Found a stormy altar of Qazlal.
    21 | D        | Found an iron altar of Okawaru.
    21 | D        | Found a sparkling altar of Nemelex Xobeh.
    21 | D        | Found a burning altar of Makhleb.
    21 | D        | Found a blossoming altar of Fedhas.
    21 | D        | Found a white marble altar of Elyvilon.
    21 | D        | Found a shadowy altar of Dithmenos.
    21 | D        | Found a snail-covered altar of Cheibriados.
    24 | D        | Found a corrupted altar of Lugonu.
    24 | D        | Found a radiant altar of Vehumet.
    25 | D        | Found an ancient bone altar of Kikubaaqudgha.
    25 | D        | Found a hide-covered altar of Uskayaw.
    25 | D        | Found a broken altar of Ashenzari.
    28 | D        | Became a worshipper of Gozag Ym Sagoz the Greedy
    83 | D        | Reached skill level 3 in Axes
   196 | D        | Reached skill level 5 in Shields
   199 | D        | Reached skill level 5 in Armour
   276 | D        | Noticed a kobold brigand
   279 | D        | Noticed a bullfrog
   281 | D        | Reached skill level 5 in Fighting
   282 | D        | Reached XP level 3. HP: 30/36 MP: 2/2
   293 | D        | Killed a bullfrog
   294 | D        | Reached skill level 4 in Axes
   294 | D        | Reached skill level 1 in Dodging
   294 | D        | Reached XP level 4. HP: 26/44 MP: 3/3
   295 | D        | Killed a kobold brigand
   296 | D        | Reached skill level 6 in Axes
   296 | D        | Reached XP level 5. HP: 30/51 MP: 4/4
   535 | D        | Noticed a small abomination
   547 | D        | Killed a small abomination
   548 | D        | Reached skill level 7 in Axes
   548 | D        | Reached XP level 6. HP: 60/60 MP: 5/5
   571 | D        | Reached skill level 8 in Axes
   582 | D        | Noticed a hornet
   582 | D        | Noticed a gargoyle
   594 | D        | Paralysed by a hornet for 3 turns
   596 | D        | HP: 2/61 [hornet (3)]
   607 | D        | Killed a hornet
   608 | D        | Reached skill level 9 in Axes
   608 | D        | Reached skill level 10 in Shields
   608 | D        | Reached XP level 7. HP: 63/69 MP: 6/6
   609 | D        | Killed a gargoyle
   610 | D        | Reached skill level 11 in Axes
   610 | D        | Reached skill level 10 in Armour
   795 | D        | Noticed a red devil
   796 | D        | Noticed a tarantella
   800 | D        | Killed a tarantella
   801 | D        | Reached XP level 8. HP: 78/78 MP: 7/7
   812 | D        | Killed a red devil
   813 | D        | Reached skill level 12 in Axes
   907 | D        | Noticed a red devil
   907 | D        | Noticed a red devil
   915 | D        | Killed a red devil
   926 | D        | Killed a red devil
   927 | D        | Reached skill level 10 in Fighting
   927 | D        | Reached skill level 5 in Dodging
  1008 | D        | Noticed a sea snake
  1021 | D        | HP: 2/79 [sea snake (6)]
  1028 | D        | Killed a sea snake
  1029 | D        | Reached skill level 13 in Axes
  1029 | D        | Reached XP level 9. HP: 32/86 MP: 8/8
  1256 | D        | Noticed a bog body
  1259 | D        | Killed a bog body
  1260 | D        | Reached skill level 14 in Axes
  1279 | D        | Noticed a polar bear
  1287 | D        | Killed a polar bear
  1292 | D        | Noticed an elephant
  1301 | D        | Reached skill level 15 in Axes
  1309 | D        | Killed an elephant
  1310 | D        | Reached XP level 10. HP: 89/97 MP: 9/9
  1349 | D        | Noticed a phantasmal warrior
  1349 | D        | Noticed a cyclops
  1349 | D        | Noticed a death yak
  1350 | D        | Noticed Aizul
  1356 | D        | Killed a phantasmal warrior
  1362 | D        | Reached skill level 16 in Axes
  1388 | D        | Killed Aizul
  1389 | D        | Reached skill level 1 in Stealth
  1389 | D        | Reached skill level 15 in Shields
  1392 | D        | Killed a cyclops
  1393 | D        | Reached skill level 17 in Axes
  1410 | D        | Killed a death yak
  1415 | D        | Reached XP level 11. HP: 61/108 MP: 10/10
  1581 | D        | Noticed an ogre mage
  1581 | D        | Noticed a two-headed ogre
  1581 | D        | Noticed a two-headed ogre
  1581 | D        | Noticed a two-headed ogre
  1590 | D        | Killed a two-headed ogre
  1592 | D        | Noticed a death yak
  1595 | D        | Reached skill level 5 in Stealth
  1597 | D        | Noticed a deep elf zephyrmancer
  1599 | D        | Killed a two-headed ogre
  1600 | D        | Noticed a death yak
  1603 | D        | Noticed a death yak
  1605 | D        | Killed a two-headed ogre
  1608 | D        | Noticed a boulder beetle
  1628 | D        | Killed a death yak
  1629 | D        | Reached skill level 18 in Axes
  1633 | D        | Reached skill level 15 in Fighting
  1635 | D        | Killed from afar by an ogre mage

Illustrated notes

Levels and vault maps discovered:
D:        pitsprint [storerooms_1, entrance_room_1, metal_vault_6, armoury_2,
          mini_pit_1, grid_room_1, main_hall_1, silver_pit, the_coven_2,
          the_vestibule_1, steel_vault_1, golden_pit, hallway_of_sentries,
          crystal_vault_1, iron_vault_4, final_vault]

Skill      XL: |  1  2  3  4  5  6  7  8  9 10 11 |
---------------+----------------------------------+-----
Fighting       | 4 5 6 7 8 9 10 11 13 15 | 15.0
Armour         | 4 5 6 7 8 9 10 11 12 13 | 13.2
Shields        | 4 5 6 7 8 10 11 13 14 15 16 | 16.9
Axes           | 3 4 6 7 9 11 13 15 17 18 | 18.0
Dodging        | 1 2 3 4 5 6 |  6.5
Stealth        | 3 7 |  7.0

Action                   |  1- 3 |  4- 6 |  7- 9 | 10-12 || total
-------------------------+-------+-------+-------+-------++-------
Melee: War axe           |     3 |       |    82 |   105 ||   190
       Headbutt          |     6 |    11 |    18 |    17 ||    52
       Hand axe          |    35 |    50 |     2 |       ||    87
Invok: Potion Petition   |       |       |       |     2 ||     2
  Use: Potion            |       |     6 |     2 |     5 ||    13
 Stab: Invisible         |       |       |       |    11 ||    11
Armor: Scale mail        |    10 |       |       |       ||    10
       Chain mail        |    16 |    21 |    25 |    27 ||    89
Dodge: Dodged            |    11 |    11 |    25 |    35 ||    82
Block: Kite shield       |    30 |    33 |    50 |    57 ||   170

Table legend: (Time is in decaauts)
 A = Elapsed time spent in this place.
 B = Non-inter-level travel time spent in this place.
 C = Inter-level travel time spent in this place.
 D = Time resting spent in this place.
 E = Time spent auto-exploring this place.
 F = Levels seen in this place.
 G = Mean time per level.
                   A        B        C        D        E       F      G
               +--------+--------+--------+--------+--------+-----+--------+
         Total |   1639 |   1639 |      0 |    845 |    119 |   1 | 1639.0 |
       Dungeon |   1639 |   1639 |      0 |    845 |    119 |   1 | 1639.0 |
               +--------+--------+--------+--------+--------+-----+--------+

Top non-repeatable levels by time:
       D: 1639 daAuts
